Map: Bridgehead LE (Void)

Players

Javert

  • Race: Zerg Zerg
  • League: Grandmaster

PoeT - Winner!

  • Race: Zerg Zerg
  • League: Gold

VOD

Have the link to the VOD?

Description

Time

  • Played on: July 14, 2015, 1:59 a.m.
  • Length: 12:33
Show
View Real Time Build Order
Export as new Build Order

Javert Zerg 

Build Orders: Hatch First 

Get SALT Encoding   

  12  0:01  Drone  
  13  0:13  Overlord  
  13  0:19  Drone  
  14  0:32  Drone x2  
  16  0:37  Drone  
  17  0:46  Drone  
  18  1:01  Extractor  
  18  1:02  Hatchery  
  16  1:17  Spawning Pool  
  15  1:18  Drone  
  15  1:19  Drone  
  15  1:25  Drone  
  18  1:30  Drone  
  19  1:41  Drone  
  20  1:54  Drone  
  21  2:03  Metabolic Boost  
  21  2:14  Queen x2  
  25  2:16  Overlord  
  25  2:21  Zergling x4  
  27  2:24  Zergling x2  
  28  2:32  Overlord  
  28  2:57  Overlord  
  29  2:58  Drone x5  
  29  3:05  Baneling Nest  
  32  3:14  Zergling x4  
  34  3:21  Zergling x4  
  36  3:34  Drone x3  
  36  3:35  Drone x5  
  42  4:08  Drone x5  
  45  4:14  Baneling x3  
  45  4:20  Extractor  
  44  4:33  Drone x4  
  48  4:40  Zergling x2  
  48  4:41  Zergling x6  
  50  4:54  Roach Warren  
  49  5:00  Extractor  
  48  5:13  Drone x3  
  51  5:20  Baneling x3  
  51  5:24  Overlord  
  51  5:25  Lair, Extractor  
  50  5:30  Evolution Chamber  
  50  5:31  Evolution Chamber, Drone x3  
  50  5:33  Overlord  
  51  5:48  Overlord  
  51  5:49  Overlord x2  
  51  5:57  Zerg Missile Weapons Level 1, Zerg Ground Armor Level 1  
  51  6:04  Baneling x3  
  51  6:06  Drone x7  
  58  6:20  Overlord x2  
  58  6:24  Glial Reconstitution  
  62  6:25  Roach x2  
  62  6:26  Roach x6  
  74  6:39  Roach x2  
  78  6:49  Roach x2  
  78  6:50  Evolution Chamber  
  81  6:54  Evolution Chamber  
  82  7:01  Roach x5  
  92  7:08  Roach x5  
  92  7:13  Hatchery  
  99  7:16  Spore Crawler  
  99  7:17  Spore Crawler x2  
  99  7:20  Spore Crawler  
  99  7:21  Spore Crawler x2  
  99  7:22  Spore Crawler x2  
  91  7:24  Roach x3  
  95  7:42  Hydralisk Den  
  95  7:43  Drone x3  
  96  7:48  Burrow, Overlord  
  82  8:00  Baneling  
  82  8:01  Zerg Ground Armor Level 2, Zerg Missile Weapons Level 2  
  78  8:09  Roach x4  
  78  8:12  Overlord  
  86  8:13  Drone  
  86  8:14  Drone, Spore Crawler  
  86  8:15  Spore Crawler, Hydralisk  
  86  8:16  Hydralisk  
  86  8:17  Spore Crawler  
  89  8:27  Overlord x2  
  89  8:31  Tunneling Claws  
  89  8:54  Hydralisk  
  89  8:55  Hydralisk x4  
  99  9:11  Queen x2  
  99  9:20  Muscular Augments  
  74  9:39  Hydralisk x7  
  88  9:58  Hydralisk  
  88  9:59  Hydralisk x3  
  96  10:15  Drone  
  96  10:16  Drone x2  
  96  10:20  Spore Crawler  
  98  10:23  Spore Crawler  
  98  10:25  Roach  
  98  10:26  Roach x4  
  107  10:54  Evolution Chamber  
  107  10:55  Spore Crawler x2  
  104  10:58  Roach x8  
  120  11:08  Evolution Chamber, Spore Crawler, Overlord  
  120  11:09  Spore Crawler  
  79  12:02  Hydralisk x3  
Show
View Real Time Build Order
Export as new Build Order

PoeT Zerg - Winner!

Build Orders: Pool First 

Get SALT Encoding   

  12  0:08  Overlord  
  12  0:13  Drone  
  13  0:17  Drone  
  14  0:27  Drone  
  15  0:31  Drone  
  16  0:42  Spawning Pool  
  15  0:45  Drone  
  16  0:52  Drone  
  17  1:13  Hatchery  
  17  1:16  Drone  
  17  1:19  Drone, Extractor  
  17  1:29  Zergling x2  
  17  1:32  Queen  
  18  1:35  Zergling x2  
  21  1:45  Overlord  
  21  1:58  Drone  
  22  2:08  Drone  
  23  2:20  Metabolic Boost  
  23  2:23  Drone  
  23  2:25  Queen  
  23  2:28  Drone x2  
  28  2:39  Zergling x2  
  29  2:45  Queen  
  29  2:46  Drone  
  29  2:47  Overlord  
  32  2:51  Drone  
  32  2:53  Baneling Nest  
  32  3:05  Drone x4  
  35  3:11  Drone x2, Extractor  
  37  3:13  Extractor  
  37  3:19  Drone x3  
  41  3:25  Overlord  
  41  3:28  Zergling x4  
  41  3:33  Zergling x4  
  44  3:41  Zergling x2  
  44  3:52  Drone x2  
  44  3:53  Drone  
  47  3:57  Drone x4  
  47  3:58  Extractor  
  50  4:07  Zergling x4  
  50  4:09  Baneling  
  51  4:10  Baneling x3  
  51  4:15  Overlord x2  
  51  4:19  Spine Crawler  
  51  4:20  Zergling x4  
  52  4:26  Lair  
  52  4:29  Overlord  
  51  4:42  Drone x6  
  57  4:52  Extractor  
  56  4:53  Extractor  
  56  4:56  Drone x2  
  57  5:02  Drone  
  57  5:03  Drone x3  
  61  5:15  Spine Crawler  
  60  5:24  Hatchery, Spire  
  60  5:26  Drone x2  
  60  5:31  Overseer  
  60  5:34  Overlord x2  
  60  5:37  Zergling x12  
  60  5:38  Zergling x2  
  60  5:39  Zergling x2  
  68  5:43  Overlord x3  
  68  5:55  Extractor  
  67  5:59  Baneling x4, Extractor  
  66  6:09  Drone x3  
  66  6:10  Drone x3  
  72  6:31  Overseer  
  72  6:36  Mutalisk  
  72  6:37  Mutalisk x7  
  88  6:40  Queen  
  88  6:44  Mutalisk  
  88  6:46  Overlord x2  
  92  6:57  Zerg Flyer Weapons Level 1  
  92  6:58  Mutalisk  
  94  7:07  Mutalisk  
  95  7:09  Mutalisk  
  95  7:12  Overlord x2  
  97  7:18  Mutalisk  
  97  7:20  Drone x4  
  97  7:21  Drone x3  
  97  7:22  Drone  
  107  7:26  Mutalisk  
  107  7:28  Mutalisk  
  111  7:33  Overlord x2  
  111  7:41  Zergling x8  
  111  7:42  Zergling x12  
  121  7:48  Mutalisk  
  123  7:53  Drone x4  
  123  7:54  Drone x2  
  128  8:07  Drone x3  
  128  8:08  Mutalisk  
  128  8:10  Mutalisk  
  135  8:14  Hatchery  
  134  8:26  Mutalisk x2  
  134  8:27  Mutalisk x4  
  146  8:39  Mutalisk x2  
  150  8:42  Overlord x2  
  150  8:54  Mutalisk x2  
  150  8:55  Mutalisk  
  152  8:58  Zergling x18  
  163  9:05  Overlord x3  
  163  9:15  Mutalisk x2  
  163  9:16  Mutalisk  
  157  9:26  Mutalisk  
  157  9:27  Mutalisk  
  157  9:30  Zergling x6  
  150  9:38  Mutalisk  
  150  9:39  Mutalisk  
  150  9:43  Zergling x4  
  150  9:44  Zergling x20  
  166  9:45  Queen  
  168  9:53  Drone x3  
  168  9:54  Drone x3  
  174  10:01  Mutalisk x2  
  178  10:10  Centrifical Hooks  
  173  10:14  Mutalisk x2  
  177  10:22  Drone x2, Extractor  
  177  10:23  Extractor  
  177  10:27  Mutalisk x2  
  181  10:41  Baneling x10  
  181  10:44  Overlord x2  
  181  10:53  Zergling x24  
  181  10:54  Zergling x12  
  199  11:05  Baneling  
  199  11:06  Baneling x15  
  181  11:46  Hatchery, Mutalisk  
  167  11:47  Mutalisk x6  
  161  11:55  Zergling x2  
  161  11:56  Zergling x26  
  161  12:00  Hatchery  
  172  12:04  Extractor  
  167  12:14  Drone x3  
Tags
 
Add a new tag
Caveats
  • Supply blocks, unpowered buildings, or Contaminate may cause inaccurate times.
  • Supply counts are checked every 10 seconds.